Map: Neon Violet Square LE

Players

thermyFan - Winner!

  • Race: Terran Terran
  • League: Grandmaster
  • Spawn Location: 11:00

IIIIIIIIIIII

  • Race: Protoss Protoss
  • League: Master
  • Spawn Location: 5:00

VOD

Have the link to the VOD?

Description

Time

  • Played on: Nov. 25, 2017, 4:41 a.m.
  • Length: 18:05
Show
View Real Time Build Order
Export as new Build Order

thermyFan Terran - Winner!

Build Orders: Command Center First (CC), MMM Bio 

Get SALT Encoding   

  12  0:00  SCV  
  13  0:13  SCV  
  14  0:19  Supply Depot  
  14  0:25  SCV  
  15  0:41  SCV  
  16  0:53  SCV  
  17  1:03  Command Center  
  17  1:06  SCV  
  18  1:16  Barracks  
  18  1:19  SCV  
  19  1:31  Barracks  
  19  1:32  SCV  
  20  1:44  Barracks  
  20  1:48  SCV  
  21  2:03  Marine  
  21  2:04  Orbital Command  
  22  2:17  Orbital Command  
  22  2:19  Marine  
  23  2:25  Bunker  
  23  2:29  Bunker, Marine  
  24  2:30  Marine  
  24  2:33  SCV  
  26  2:40  Marine, Engineering Bay  
  26  2:43  SCV  
  28  2:48  SCV  
  28  2:50  Marine x2  
  31  2:56  SCV  
  31  2:58  Marine  
  33  3:01  SCV  
  33  3:02  Supply Depot  
  34  3:07  Marine  
  34  3:08  Marine  
  34  3:09  Missile Turret  
  36  3:13  Refinery  
  36  3:15  Refinery, SCV  
  36  3:17  SCV  
  38  3:23  Marine  
  38  3:25  Missile Turret  
  39  3:27  SCV  
  39  3:29  Supply Depot  
  39  3:30  Marine  
  42  3:34  SCV  
  42  3:39  SCV  
  43  3:43  Marine  
  43  3:44  Barracks Tech Lab  
  43  3:46  SCV  
  45  3:52  SCV  
  45  3:53  Marine, Supply Depot  
  47  3:57  Refinery  
  47  3:58  SCV  
  48  4:04  SCV  
  48  4:05  Marine  
  48  4:06  Stimpack  
  49  4:12  Marine x2  
  49  4:18  SCV  
  49  4:23  Marine, SCV  
  52  4:24  Factory  
  52  4:30  Marine x2  
  52  4:35  SCV x2  
  52  4:37  Supply Depot  
  54  4:45  Marine  
  55  4:47  SCV  
  55  4:48  Marine  
  55  4:50  Marauder  
  59  4:53  SCV  
  59  4:59  SCV  
  61  5:03  Terran Infantry Weapons Level 1  
  61  5:04  Marine  
  61  5:05  SCV  
  63  5:08  Starport, Factory Reactor  
  63  5:10  Marine  
  63  5:11  SCV  
  63  5:12  Supply Depot  
  65  5:17  SCV, Marauder  
  65  5:20  Command Center  
  68  5:22  Barracks Tech Lab  
  68  5:25  SCV  
  69  5:29  Barracks Reactor  
  69  5:30  SCV  
  70  5:37  SCV  
  70  5:39  Supply Depot  
  70  5:41  Barracks  
  70  5:42  Barracks  
  71  5:43  SCV  
  71  5:44  Refinery, Supply Depot  
  71  5:49  SCV  
  73  5:52  Combat Shields, Medivac  
  73  5:53  Medivac  
  73  5:56  SCV  
  78  6:01  SCV  
  79  6:08  SCV  
  79  6:09  Marine x2, Marauder  
  84  6:11  Supply Depot  
  84  6:12  Marine  
  84  6:13  SCV  
  86  6:19  Supply Depot  
  86  6:20  SCV  
  86  6:21  Factory Reactor  
  87  6:26  Armory  
  87  6:28  Medivac  
  87  6:29  Medivac  
  87  6:31  Marauder  
  93  6:37  Barracks Reactor, Barracks Tech Lab  
  93  6:39  Marine  
  93  6:40  Marauder  
  93  6:42  Concussive Shells  
  93  6:44  SCV  
  97  6:47  SCV  
  97  6:50  Missile Turret, Marine  
  97  6:51  Marine  
  100  6:56  SCV  
  100  7:01  Marine, Marauder x2  
  104  7:03  SCV  
  104  7:07  Medivac x2  
  110  7:09  Orbital Command  
  110  7:11  SCV  
  110  7:13  Marine  
  110  7:14  Marauder  
  114  7:19  SCV  
  114  7:21  Marine  
  118  7:23  Marauder  
  118  7:25  Engineering Bay  
  118  7:27  Terran Infantry Weapons Level 2  
  118  7:29  Marine, Marauder  
  121  7:30  Refinery, Marine  
  121  7:34  Marine  
  121  7:35  Marauder  
  125  7:40  Marine, SCV  
  125  7:42  Supply Depot  
  125  7:43  SCV, Supply Depot  
  130  7:44  Marauder  
  130  8:00  Marine  
  130  8:01  Marauder  
  130  8:03  Marine x3, Terran Infantry Armor Level 1  
  130  8:04  Marauder  
  140  8:05  Marauder  
  140  8:10  Barracks  
  129  8:17  Medivac x2  
  129  8:18  Marine  
  129  8:22  Marine, Marauder  
  129  8:25  Marine, Marauder  
  137  8:27  Marauder  
  137  8:28  Factory Reactor  
  137  8:34  Barracks  
  137  8:38  Ghost Academy  
  121  9:16  Marine  
  119  9:17  Marauder  
  119  9:23  Marine x5  
  119  9:24  Medivac x2  
  119  9:27  Marine  
  119  9:28  Barracks Tech Lab  
  123  9:38  Marauder  
  123  9:39  Marine  
  123  9:40  Marine x2  
  123  9:41  Barracks, Marauder x2  
  123  9:42  Barracks x2  
  123  9:45  Marine x2, Supply Depot  
  132  9:46  Ghost  
  132  9:48  Command Center  
  132  9:50  Terran Infantry Weapons Level 3  
  134  9:54  Marine  
  134  9:57  Marine  
  138  10:01  Medivac x2  
  138  10:02  Ghost, Marine  
  138  10:03  Marine x2, Marauder  
  138  10:06  Marine  
  150  10:07  Ghost  
  150  10:09  Moebius Reactor  
  150  10:14  Refinery  
  150  10:15  Marine  
  150  10:16  Marauder  
  150  10:17  Supply Depot  
  153  10:24  Marauder  
  153  10:31  Marauder  
  153  10:35  Marine  
  156  10:38  Medivac x2  
  156  10:39  Marauder x2  
  156  10:42  Supply Depot  
  164  10:43  Marine  
  164  10:48  Supply Depot  
  165  10:52  Marine  
  165  10:56  Marauder  
  164  10:59  Marauder  
  164  11:00  Marauder  
  163  11:05  Marine  
  163  11:06  Marine, Marauder, Barracks Tech Lab x2  
  156  11:24  Marine, Marauder  
  156  11:25  Terran Infantry Armor Level 2  
  154  11:26  Marine, Marauder  
  151  11:35  Marine x2  
  151  11:36  Medivac x2, Marauder x2  
  151  11:37  Marine x2, Marauder  
  151  11:38  Marauder  
  167  11:46  Marauder  
  167  11:47  Marine  
  167  11:48  Marauder  
  163  11:57  Marauder  
  158  12:03  Marine  
  158  12:04  Marine x2, Marauder x3  
  158  12:07  Marauder  
  165  12:08  Barracks Tech Lab  
  165  12:09  Marine, Marauder  
  159  12:19  Marauder  
  159  12:20  Planetary Fortress  
  159  12:29  Marine  
  141  12:30  Marine, Marauder x2  
  141  12:35  Marine  
  141  12:36  Marauder  
  143  12:43  Marine  
  144  12:44  Marauder  
  144  12:49  Medivac x2  
  150  12:54  Marine x2, Marauder  
  150  12:55  Marine x4, Marauder  
  150  12:56  Marauder  
  150  12:57  Marauder x2  
  166  13:02  Terran Vehicle And Ship Armor Level 1  
  166  13:21  Marine  
  166  13:22  Marine x2, Marauder x2  
  166  13:24  Marine, Marauder  
  176  13:28  Marine  
  176  13:29  Marine, Marauder  
  173  14:04  Missile Turret  
  173  14:05  Missile Turret  
  160  14:18  Marine  
  160  14:19  Marauder  
  160  14:23  Marine  
  152  14:24  Marauder  
  144  14:42  Marine  
  144  14:43  Terran Infantry Armor Level 3, Marauder  
  144  14:45  Marine x3  
  146  14:46  Missile Turret, Marauder x2, Medivac x2  
  146  14:49  Ghost x2  
  160  14:56  Command Center  
  160  15:01  Marine  
  160  15:02  Marauder  
  160  15:03  Marine  
  160  15:04  Marauder  
  166  15:07  Marauder  
  166  15:09  Missile Turret  
  116  15:43  Marine, Marauder  
  116  15:45  Marine, Medivac x2  
  121  15:53  Marine  
  121  15:54  Marauder  
  124  16:05  Orbital Command  
  124  16:06  Marine, Marauder  
  124  16:09  Marine  
  124  16:39  Marine  
  98  17:31  Medivac x2  
  98  17:32  Marine  
  103  17:37  Marine  
  103  17:38  Marauder  
  103  17:40  Marauder x2  
Show
View Real Time Build Order
Export as new Build Order

IIIIIIIIIIII Protoss 

Build Orders: 1 Gate Expand, Blink Stalkers 

Get SALT Encoding   

  12  0:00  Probe  
  13  0:12  Probe  
  14  0:21  Pylon  
  14  0:24  Probe  
  15  0:39  Probe (Chrono Boost)  
  15  0:41  Gateway  
  16  0:48  Assimilator  
  16  0:49  Probe (Chrono Boost)  
  17  0:53  Probe  
  18  1:05  Probe  
  19  1:22  Nexus  
  19  1:32  Cybernetics Core  
  19  1:36  Probe (Chrono Boost)  
  20  1:46  Probe (Chrono Boost)  
  21  1:50  Pylon, Probe  
  22  1:54  Assimilator  
  22  2:02  Probe (Chrono Boost)  
  23  2:09  Warp Gate  
  23  2:14  Probe (Chrono Boost)  
  24  2:19  Probe (Chrono Boost)  
  25  2:23  Stalker  
  28  2:33  Probe (Chrono Boost)  
  28  2:35  Probe (Chrono Boost)  
  29  2:43  Twilight Council  
  31  2:45  Probe x2 (Chrono Boost)  
  31  2:49  Probe  
  32  2:52  Probe  
  32  2:57  Pylon  
  33  3:01  Probe  
  33  3:04  Probe  
  35  3:11  Robotics Facility  
  35  3:13  Probe (Chrono Boost)  
  37  3:25  Probe (Chrono Boost)  
  37  3:27  Assimilator, Probe x2 (Chrono Boost)  
  38  3:28  Assimilator  
  38  3:29  Probe  
  38  3:31  Shield Battery  
  40  3:39  Zealot, Blink (Chrono Boost)  
  40  3:41  Probe  
  43  3:43  Probe  
  44  3:48  Pylon  
  44  3:53  Probe  
  44  3:55  Probe  
  46  4:00  Observer (Chrono Boost)  
  46  4:01  Gateway  
  47  4:03  Gateway  
  47  4:05  Probe  
  47  4:07  Pylon  
  46  4:12  Observer  
  46  4:14  Probe  
  46  4:17  Probe  
  47  4:25  Shield Battery  
  47  4:26  Probe  
  48  4:31  Probe  
  49  4:38  Probe  
  49  4:41  Stalker  
  49  4:42  Observer  
  53  4:50  Nexus  
  53  4:53  Probe  
  53  4:57  Sentry  
  56  5:01  Probe  
  56  5:05  Probe  
  58  5:08  Immortal  
  58  5:10  Sentry  
  58  5:13  Probe  
  65  5:17  Probe  
  66  5:25  Probe, Pylon  
  66  5:27  Forge  
  66  5:28  Forge  
  66  5:36  Sentry  
  66  5:37  Sentry  
  70  5:42  Pylon  
  70  5:43  Pylon, Probe x2  
  70  5:48  Pylon  
  70  5:49  Pylon  
  72  5:52  Charge (Chrono Boost)  
  72  5:53  Protoss Ground Armor Level 1 (Chrono Boost)  
  72  5:54  Protoss Ground Weapons Level 1 (Chrono Boost)  
  72  5:56  Stalker  
  74  6:02  Observer  
  75  6:05  Probe x2  
  75  6:07  Probe  
  78  6:16  Pylon  
  78  6:17  Probe x2  
  80  6:19  Probe  
  80  6:21  Templar Archives  
  80  6:22  Shield Battery  
  80  6:24  Photon Cannon  
  81  6:29  Probe x2  
  83  6:34  Immortal  
  83  6:36  Stalker  
  89  6:41  Stalker  
  89  6:43  Stalker  
  93  6:51  Probe x3  
  93  6:53  Assimilator  
  96  6:57  Assimilator  
  96  6:59  Pylon  
  96  7:02  Gateway  
  96  7:03  Gateway  
  96  7:08  Gateway  
  96  7:09  Gateway  
  96  7:11  Pylon  
  96  7:19  Pylon  
  96  7:22  Shield Battery  
  96  7:24  Shield Battery  
  96  7:29  Probe x3  
  99  7:33  Immortal  
  103  7:42  Sentry x2  
  107  7:47  Pylon  
  107  7:55  High Templar  
  107  7:57  Nexus  
  108  8:02  Photon Cannon  
  108  8:04  High Templar  
  108  8:05  High Templar  
  112  8:06  Photon Cannon  
  112  8:07  Shield Battery  
  112  8:09  Pylon  
  112  8:22  High Templar x2  
  112  8:24  High Templar x2  
  122  8:27  Archon  
  122  8:28  Archon x2  
  122  8:33  Zealot  
  124  8:39  Zealot  
  112  8:48  Robotics Facility  
  112  8:49  Robotics Facility  
  112  8:54  Forge  
  112  8:56  Forge  
  112  8:57  Zealot x2  
  112  9:05  Pylon x2  
  110  9:24  Stalker x3  
  112  9:31  Protoss Ground Weapons Level 2 (Chrono Boost), Stalker  
  118  9:32  Protoss Ground Armor Level 2 (Chrono Boost)  
  118  9:47  Gateway x2  
  118  9:49  High Templar  
  118  9:51  Pylon, High Templar x4  
  128  9:55  Shield Battery  
  128  9:57  Photon Cannon  
  128  10:02  Archon  
  128  10:03  Archon  
  128  10:08  Assimilator  
  128  10:12  Pylon, Zealot x2  
  132  10:17  Psionic Storm  
  132  10:20  Gateway  
  132  10:22  Gateway, Assimilator  
  132  10:24  Pylon  
  132  10:25  Gateway  
  132  10:29  Gateway  
  132  10:31  Zealot x5  
  132  10:34  Immortal x2  
  150  10:38  Robotics Bay  
  150  10:41  Pylon  
  150  10:44  High Templar x2  
  154  10:51  Zealot x3  
  154  10:55  Dark Shrine  
  150  11:04  Stalker x4  
  158  11:17  Stalker x2  
  162  11:22  Zealot x3  
  164  11:27  Zealot x5  
  164  11:28  Zealot  
  164  11:29  Zealot x2  
  172  11:42  Stalker x3  
  172  11:43  Stalker x2  
  171  11:55  Protoss Ground Armor Level 3 (Chrono Boost)  
  171  11:56  Warp Prism  
  166  12:10  Nexus  
  128  12:32  High Templar  
  128  12:33  High Templar x4, Observer (Chrono Boost)  
  104  12:44  Warp Prism (Chrono Boost)  
  104  12:49  Zealot  
  104  12:50  Zealot x7  
  118  13:00  Colossus  
  118  13:12  Colossus  
  130  13:24  Zealot x4  
  138  13:28  Dark Templar  
  140  13:39  High Templar x4  
  140  13:41  Zealot  
  147  13:49  Dark Templar  
  139  13:59  Archon x2  
  139  14:00  Zealot x5  
  108  14:12  Dark Templar, Zealot  
  103  14:18  Dark Templar  
  101  14:30  Dark Templar  
  99  14:39  Dark Templar  
  95  14:59  High Templar x4  
  103  15:03  Archon  
  103  15:04  Archon  
  103  15:05  Zealot x2  
  89  15:36  Zealot x2  
  71  15:55  Zealot  
  72  16:54  Pylon  
  72  16:55  Pylon  
  62  17:16  Stalker x2  
  62  17:17  Stalker  
  68  17:34  Stalker  
  36  17:59  Zealot  
  36  18:02  Zealot  
Tags
 
Add a new tag
Caveats
  • Supply blocks, unpowered buildings, or Contaminate may cause inaccurate times.
  • Supply counts are checked every 10 seconds.